 Dungeon Crawl Stone Soup version 0.30.0-3-ga4e48a9924 (webtiles) character file.

Game seed: 15325458950597962433

414 hawla the Firebug (level 7, 0/52 HPs)
             Began as a Meteoran Fire Elementalist on May 7, 2023.
             Succumbed to a scorpion's poison
             ... on level 4 of the Dungeon.
             The game lasted 00:06:22 (1065 turns).

hawla the Firebug (Meteoran Fire Elementalist)      Turns: 1065, Time: 00:06:23

Health: 0/52       AC:  7    Str: 10    XL:     7   Next: 37%
Magic:  0/14       EV: 13    Int: 18    God:
Gold:   77         SH:  0    Dex: 15    Spells: 7/14 levels left

rFire   . . .        f - +1 dagger (drain)
rCold   . . .        (no shield)
rNeg    . . .        a - +0 robe
rPois   +            (no helmet)
rElec   .            (no cloak)
rCorr   .            b - +0 pair of gloves
SInv    .            (no boots)
Will    .....        (no amulet)
Stlth   +            c - ring of poison resistance
HPRegen 0.28/turn    i - +4 ring of protection
MPRegen 0.14/turn

%: no passive effects
@: lethally poisoned (0 -> -10), glowing
A: sense surroundings 1, otherworldly, glowing, explore regen
a: no special abilities


You were on level 4 of the Dungeon.
You visited 1 branch of the dungeon, and saw 5 of its levels.

You collected 77 gold pieces.

Inventory:

Hand Weapons
 f - a +1 dagger of draining (weapon)
Armour
 a - a +0 robe (worn)
 b - a +0 pair of gloves (worn)
Jewellery
 c - a ring of poison resistance (left hand)
 i - a +4 ring of protection (right hand)
Scrolls
 e - a scroll of brand weapon
 g - a scroll of identify
 j - a scroll of enchant armour {unknown}
 k - a scroll of teleportation {unknown}
Potions
 d - 2 potions of flight


   Skills:
 - Level 1.1 Fighting
 - Level 3.2 Dodging
 - Level 1.4 Stealth
 - Level 4.4 Spellcasting
 + Level 4.9 Conjurations
 - Level 6.0 Fire Magic


You had 7 spell levels left.
You knew the following spells:

 Your Spells              Type           Power      Damage    Failure   Level
a - Foxfire               Conj/Fire      92%        2x1d8     1%          1
b - Scorch                Fire           50%        2d7       1%          2
c - Flame Wave            Conj/Fire      23%        2d8       14%         4

Your spell library contained the following spells:

 Spells                   Type           Power      Damage    Failure   Level
 Inner Flame              Hex/Fire       14%        N/A       12%         3
 Volatile Blastmotes      Fire/Tloc      28%        2d12      12%         3
 Ozocubu's Armour         Ice            3%         N/A       38%         3
 Ozocubu's Refrigeration  Ice            1%         4d7       100%        7


Dungeon Overview and Level Annotations

Branches:
Dungeon (5/15) Zot: 1936
 Temple: D:4-7

Altars:

Shops:
D:2 [


Innate Abilities, Weirdness & Mutations

You passively map a small area around you.
You are easily found by Zot.
You glow in the dark.
You regain HP and MP as you explore.


Message History

Confirm with . or Enter, or press ? or * to list all spells.
You conjure some foxfire!
The scorpion misses you. The scorpion attacks as you move away!
The scorpion stings you but does no damage.
The foxfire hits the scorpion.
The scorpion is lightly wounded.
The foxfire hits the scorpion but does no damage.
The scorpion is lightly wounded.
Casting: Foxfire (safe; 1% risk of failure)
Confirm with . or Enter, or press ? or * to list all spells.
You conjure some foxfire!
The scorpion stings you but does no damage.
The scorpion attacks as you move away!
The scorpion stings you but does no damage.
The foxfire hits the scorpion.
The scorpion is moderately wounded.
The foxfire hits the scorpion.
The scorpion is severely wounded.
Your magical contamination has completely faded away.
Casting: Foxfire (safe; 1% risk of failure)
Confirm with . or Enter, or press ? or * to list all spells.
You conjure some foxfire!
The scorpion stings you but does no damage.
The scorpion closely misses you.
The foxfire hits the scorpion but does no damage.
The scorpion is severely wounded.
The foxfire hits the scorpion.
The scorpion is almost dead.
You closely miss the scorpion.
The scorpion is almost dead.
The scorpion stings you.
* * * LOW HITPOINT WARNING * * *
You are lethally poisoned!
The scorpion poisons you!
You hit the scorpion.
The scorpion is almost dead.
* * * LOW HITPOINT WARNING * * *
You feel very sick. The scorpion completely misses you.
You die...

.................................
....[............................
.................................
.........................<.......
.............................####
..............)..................
.............................###.
..........)..................# #.
..........>)..s.@............# #.
.............................# ##
.............................#
......................(......#
.............................#
.............................#
.............................#
.............................#
.............................#


You could see a scorpion.

Vanquished Creatures
  A water moccasin (D:4)
  A black bear (D:4)
  A scorpion (D:4)
  2 orc priests
  An orc wizard (D:4)
  An ufetubus (D:4)
  4 worms
  A dart slug (D:3)
  6 orcs
  3 ball pythons
  2 endoplasms
  4 giant cockroaches
  2 goblins (D:4)
  A hobgoblin (D:2)
  8 jackals
  2 quokkas
  A bat (D:2)
  5 kobolds
  2 rats
48 creatures vanquished.

Vanquished Creatures (others)
  140 foxfires
140 creatures vanquished.

Grand Total: 188 creatures vanquished

Notes
Turn   | Place    | Note
-------+----------+-------------------------------------------
     0 | D:1      | hawla the Meteoran Fire Elementalist began the quest for
                  | the Orb.
     0 | D:1      | Reached XP level 1. HP: 14/14 MP: 5/5
    64 | D:2      | Reached skill level 4 in Fire Magic
    65 | D:2      | Reached XP level 2. HP: 20/20 MP: 2/6
    90 | D:2      | Found Ceimaly's Armour Boutique.
   102 | D:2      | Reached XP level 3. HP: 26/26 MP: 2/8
   295 | D:4      | Noticed a scorpion
   307 | D:4      | Killed a scorpion
   308 | D:4      | Reached skill level 5 in Fire Magic
   308 | D:4      | Reached XP level 4. HP: 33/33 MP: 0/10
   308 | D:4      | Reached XP level 5. HP: 38/38 MP: 0/11
   311 | D:4      | Learned a level 2 spell: Scorch
   707 | D:4      | Noticed a black bear
   711 | D:4      | Killed a black bear
   712 | D:4      | Reached skill level 1 in Fighting
   712 | D:4      | Reached XP level 6. HP: 34/47 MP: 3/13
   751 | D:4      | Reached skill level 6 in Fire Magic
   776 | D:4      | Learned a level 4 spell: Flame Wave
   994 | D:5      | Entered Level 5 of the Dungeon
   994 | D:5      | Noticed a water moccasin
  1012 | D:4      | Killed a water moccasin
  1013 | D:4      | Reached XP level 7. HP: 26/52 MP: 0/14
  1055 | D:4      | HP: 1/52 [orc/+0 falchion (5)]
  1065 | D:4      | Succumbed to a scorpion's poison

Illustrated notes

Levels and vault maps discovered:
D:1:      matt_arrival_diagonals, layout_basic, st_stairs_3,
          serial_bayou_lagoon_b
D:2:      layout_rooms, serial_shops, nicolae_shop_hallway_plus, shop,
          nicolae_shop_peninsula, nicolae_shop_tiny_statue_garden, basic_altar,
          serial_co_window_serial, co_window_corner_a,
          co_window_of_opportunity_a, co_window_corner_a,
          co_window_of_opportunity_a, co_window_corner_a, co_window_corner_ca,
          co_window_broadway_c, co_window_of_opportunity_c, co_window_corner_b,
          co_window_broadway_a, co_window_4corner_b, glass_columns_b,
          glass_columns_b, glass_columns_a, glass_columns_a, glass_columns_b
D:3:      layout_basic, mainiacjoe_overflow_cross_hatched
D:4:      layout_basic
D:5:      layout_cave_pools, serial_gnoll_camp, gnoll_camp_mini_doghouse,
          gnoll_camp_mini_hut, gnoll_camp_mini_house, gnoll_camp_mini_hut,
          nicolae_sextant, minmay_misc_feat_more_columns,
          minmay_stone_trees_small

Skill      XL: |  1  2  3  4  5  6 |
---------------+-------------------+-----
Fire Magic     | 4 5 6 |  6.0
Spellcasting   | 3 4 |  4.4
Dodging        | 3 |  3.2
Conjurations   | 2 4 |  4.9
Fighting       | 1 |  1.1
Stealth        | |  1.4

Action                     |  1- 3 |  4- 6 |  7- 9 || total
---------------------------+-------+-------+-------++-------
  Melee: Dagger            |     3 |    25 |     2 ||    30
         Punch             |       |     1 |       ||     1
   Cast: Foxfire           |    41 |    27 |     9 ||    77
         Scorch            |       |    12 |     1 ||    13
         Flame Wave        |       |     2 |       ||     2
    Use: Potion            |     1 |     1 |     1 ||     3
         Scroll            |       |     3 |       ||     3
 Armour: Robe              |     4 |    29 |     5 ||    38
  Dodge: Dodged            |     3 |    28 |    10 ||    41
